 Dungeon Crawl Stone Soup version 0.14-a0-882-gdff4d47 (webtiles) character file.

1883 PolkaDot the Gusty (level 8, -1/50 HPs)
             Began as a Vampire Wizard on Nov 17, 2013.
             Was a Believer of Sif Muna.
             Slain by a staircase mimic (10 damage)
             ... on Level 7 of the Dungeon on Nov 18, 2013.
             The game lasted 00:39:22 (7631 turns).

PolkaDot the Gusty (Vampire Wizard)                 Turns: 7631, Time: 00:39:22

HP  -1/50        AC  5     Str  6      XL: 8   Next: 83%
MP  18/18        EV 12     Int 22      God: Sif Muna [**....]
Gold 86          SH  0     Dex 12      Spells:  5 memorised,  2 levels left

Res.Fire  : . . .   See Invis. : +   p - +0,+1 dagger (elec)
Res.Cold  : . . .   Warding    : .   z - +0 elf robe
Life Prot.: + . .   Conserve   : .   (no shield)
Res.Poison: .       Res.Corr.  : .   b - +1 wizard hat
Res.Elec. : .       Clarity    : .   (no cloak)
Sust.Abil.: . .     Spirit.Shd : .   u - +1 pair of dwarf gauntlets
Res.Mut.  : .       Stasis     : .   (no boots)
Res.Rott. : .       Flight     : .   (no amulet)
Saprovore : . . .                    (no ring)
                                     r - ring of protection from magic

@: held, quite resistant to hostile enchantments, stealthy
A: bottle blood, fangs 3, see invisible, unbreathing
a: Bat Form, Bottle Blood, Channel Energy, Forget Spell, Renounce Religion


You were on level 7 of the Dungeon.
You worshipped Sif Muna.
Sif Muna was pleased with you.
You were not thirsty.

You visited 2 branches of the dungeon, and saw 8 of its levels.

You collected 314 gold pieces.
You spent 228 gold pieces at shops.

Inventory:

Hand weapons
 m - a +2,+0 mace of holy wrath
 p - a +0,+1 dagger of electrocution (weapon)
Armour
 b - a +1 wizard hat (worn)
 u - a +1 pair of dwarven gauntlets (worn)
 z - a +0 elven robe (worn)
Magical devices
 a - a wand of enslavement (10)
 f - a wand of digging (4)
 g - a wand of polymorph (13)
Scrolls
 d - 2 scrolls of enchant weapon II {unknown}
 e - 2 scrolls of random uselessness {unknown}
 i - a scroll of curse weapon {unknown}
 j - 2 scrolls of identify
 k - 3 scrolls of fear {unknown}
 n - a scroll of silence
 o - 3 scrolls of teleportation
 s - a scroll of curse jewellery {unknown}
 t - a scroll of fog {unknown}
 v - 3 scrolls of remove curse
 x - a scroll of noise
 y - a scroll of amnesia
 B - a scroll of recharging
Jewellery
 r - a ring of protection from magic (left hand)
Potions
 h - 2 potions of restore abilities
 l - 4 potions of heal wounds
 q - a potion of cure mutation
 w - 2 potions of curing
 A - a potion of degeneration
Books
 c - a book of Minor Magic

   Spells                             Type                      Level
   *Magic Dart                        Conjuration                  1
   *Blink                             Translocation                2
   Call Imp                           Summoning                    2
   *Repel Missiles                    Charms/Air                   2
   Slow                               Hexes                        2
   *Conjure Flame                     Conjuration/Fire             3
   *Mephitic Cloud                    Conjuration/Poison/Air       3
 C - a book of Beasts

   Spells                             Type                      Level
   Summon Butterflies                 Summoning                    1
   Sticks to Snakes                   Transmutation                2
   Call Canine Familiar               Summoning                    3
   Ice Form                           Ice/Transmutation            4
   Summon Ice Beast                   Ice/Summoning                4
   Summon Hydra                       Summoning                    7


   Skills:
 - Level 2.1 Dodging
 - Level 3.0 Stealth
 - Level 3.0 Spellcasting
 - Level 6.1 Conjurations
   Level 1.0 Summonings
 - Level 0.7 Translocations
 + Level 3.5 Fire Magic
 * Level 6.6 Air Magic


You had 2 spell levels left.
You knew the following spells:

 Your Spells              Type           Power        Failure   Level  Hunger
a - Magic Dart            Conj           ####         1%          1    None
d - Mephitic Cloud        Conj/Pois/Air  ###.....     8%          3    ###....
q - Blink                 Tloc           N/A          17%         2    ##.....
s - Conjure Flame         Conj/Fire      ###.....     6%          3    ###....
D - Repel Missiles        Chrm/Air       ###.......   6%          2    ##.....


Dungeon Overview and Level Annotations

Branches:
Dungeon (7/16)             Temple (1/1) D:5
    Orc: D:6-11

Altars:
Cheibriados
Elyvilon
Fedhas
Kikubaaqudgha
Makhleb
Nemelex Xobeh
Okawaru
Sif Muna
Trog
Vehumet
Xom
Yredelemnul
Zin

Shops:
D:5 ?


Innate Abilities, Weirdness & Mutations

You can bottle blood from corpses.
You have razor-sharp teeth.*
You have supernaturally acute eyesight.
You can survive without breathing.*


Message History

Found a stone staircase leading down.
You open the door.
A goliath beetle comes into view.
A goliath beetle is nearby!
The goliath beetle twitches its antennae in your direction.
There is an open door here.
The goliath beetle bites you!
Ouch! That really hurt!
There is an open door here.
The staircase is a mimic!
The staircase mimic hits you! The staircase mimic barely misses you.
The staircase mimic grabs you.
Your attempt to break free from the staircase mimic fails, but you feel that another attempt might succeed.
The staircase mimic hits you but does no damage.
The staircase mimic closely misses you.
You hit the staircase mimic but do no damage.
The staircase mimic hits you!
* * * LOW HITPOINT WARNING * * *
The staircase mimic hits you!
You die...

# #. #+## # #. #...#. #
####.##### #......
.........# ##.......
#.....###.........##
#..@..B.'...........
#.>...###...........
#.....# ##.......###
#####.# #.....# #.#
#...## #
#######.#######+######
.............).........
#######..#####..#####.
#...........# #.


You could see a goliath beetle and a staircase mimic.

Vanquished Creatures
  Eustachio (D:6)
  An ice beast (D:5)
  2 phantoms
  3 ogres (D:4)
  Sigmund (D:5)
  Duvessa (D:6)
  A giant frog (D:6)
  Blork the orc (D:6)
  3 orc priests
  3 crimson imps
  Dowan (D:6)
  2 hounds
  A big fish (D:2)
  7 orc wizards
  4 worker ants
  2 iguanas
  2 scorpions
  Terence (D:2)
  A green rat (D:6)
  9 adders
  A shadow imp (D:6)
  4 worms
  A giant gecko (D:5)
  2 oozes
  24 orcs
  A bat skeleton (D:7)
  A bat zombie (D:6)
  5 giant cockroaches
  5 hobgoblins
  12 jackals
  9 kobolds
  7 bats
  A giant gecko zombie (D:5)
  4 giant newts
  15 goblins
  A hobgoblin skeleton (D:5)
  A kobold skeleton (D:7)
  A kobold zombie (D:7)
  An orc skeleton (D:6)
  16 rats
  A rat skeleton (D:6)
160 creatures vanquished.

Vanquished Creatures (others)
  A plant (D:1)
1 creature vanquished.

Grand Total: 161 creatures vanquished

Notes
Turn   | Place    | Note
--------------------------------------------------------------
     0 | D:1      | PolkaDot, the Vampire Wizard, began the quest for the Orb.
     0 | D:1      | Reached XP level 1. HP: 11/11 MP: 6/6
    83 | D:1      | Reached skill level 1 in Conjurations
   304 | D:1      | Reached XP level 2. HP: 17/17 MP: 2/8
  1262 | D:2      | Reached XP level 3. HP: 20/22 MP: 10/10
  1441 | D:2      | Found a white marble altar of Elyvilon.
  1464 | D:2      | Learned a level 3 spell: Conjure Flame
  1468 | D:2      | Learned a level 3 spell: Mephitic Cloud
  1698 | D:2      | Noticed Terence
  1712 | D:2      | Killed Terence
  1712 | D:2      | Reached XP level 4. HP: 19/28 MP: 1/12
  2638 | D:3      | Reached XP level 5. HP: 10/33 MP: 3/13
  3289 | D:4      | Reached skill level 4 in Conjurations
  3480 | D:4      | Noticed a phantom
  3605 | D:4      | Killed a phantom
  3605 | D:4      | Reached XP level 6. HP: 34/39 MP: 4/15
  3697 | D:4      | Noticed an ogre
  3728 | D:4      | Killed an ogre
  3728 | D:4      | Reached skill level 5 in Conjurations
  3946 | D:4      | Noticed an ogre
  4046 | D:4      | Killed an ogre
  4046 | D:4      | Reached XP level 7. HP: 32/44 MP: 10/17
  4528 | D:4      | Noticed an ogre
  4535 | D:4      | Killed an ogre
  4535 | D:4      | Reached skill level 6 in Conjurations
  4948 | D:5      | Entered Level 5 of the Dungeon
  4951 | D:5      | Found an iron altar of Okawaru.
  4992 | D:5      | Found a staircase to the Ecumenical Temple.
  4998 | Temple   | Entered the Ecumenical Temple
  5215 | Temple   | Became a worshipper of Sif Muna the Loreminder
  5328 | D:5      | Reached skill level 1 in Air Magic
  5653 | D:5      | Reached skill level 1 in Fire Magic
  5664 | D:5      | Found Briw's Magic Scroll Boutique.
  5702 | D:5      | Bought a scroll of recharging for 66 gold pieces
  5702 | D:5      | Bought a scroll of remove curse for 36 gold pieces
  5702 | D:5      | Bought a scroll of teleportation for 36 gold pieces
  5702 | D:5      | Bought a scroll of silence for 90 gold pieces
  5744 | D:5      | Noticed Sigmund
  5786 | D:5      | Killed Sigmund
  5940 | D:5      | Reached XP level 8. HP: 43/50 MP: 18/18
  6164 | D:6      | Acquired Sif Muna's first power
  6392 | D:6      | Noticed Eustachio
  6448 | D:6      | Killed Eustachio
  6555 | D:6      | Reached skill level 5 in Air Magic
  6679 | D:6      | Noticed Dowan
  6696 | D:6      | Killed Dowan
  6733 | D:6      | Noticed Blork the orc
  6743 | D:6      | Noticed Duvessa
  6757 | D:6      | Killed Duvessa
  6774 | D:6      | Killed Blork the orc
  7043 | D:6      | Acquired Sif Muna's second power
  7217 | D:6      | Learned a level 2 spell: Blink
  7220 | D:6      | Learned a level 2 spell: Repel Missiles
  7631 | D:7      | Slain by a staircase mimic

Action                   |  1- 3 |  4- 6 |  7- 9 || total
-------------------------+-------+-------+-------++-------
Melee: Spear             |   170 |    35 |       ||   205
       Dagger            |       |   126 |   235 ||   361
 Cast: Magic Dart        |    24 |    43 |    38 ||   105
       Mephitic Cloud    |     2 |    16 |    18 ||    36
       Conjure Flame     |     2 |     7 |     7 ||    16
Evoke: Wand              |       |       |     2 ||     2
  Use: Potion            |     1 |     9 |     3 ||    13
       Scroll            |       |       |    10 ||    10
 Stab: Sleeping          |     1 |     2 |     3 ||     6
       Confused          |     1 |     2 |     8 ||    11
       Distracted        |       |     1 |     1 ||     2
